 Dungeon Crawl Stone Soup version 0.22-a0-283-g1871b15 (webtiles) character file.

86 grindst0ne the Conjurer (level 4, -2/24 HPs)
             Began as a Kobold Conjurer on Mar 19, 2018.
             Killed from afar by Natasha (8 damage)
             ... with a magic dart
             ... on level 2 of the Dungeon.
             The game lasted 00:05:38 (1616 turns).

grindst0ne the Conjurer (Kobold Conjurer)           Turns: 1616, Time: 00:05:38

Health: -2/24      AC:  4    Str:  5    XL:     4   Next: 77%
Magic:  5/7        EV: 16    Int: 17    God:
Gold:   52         SH:  0    Dex: 13    Spells: 3/7 levels left

rFire    . . .     SeeInvis .   k - +0 dagger
rCold    . . .     Gourm    .   (shield restricted)
rNeg     . . .     Faith    .   a - +1 robe
rPois    .         Spirit   .   (no helmet)
rElec    .         Reflect  .   (no cloak)
rCorr    .         Harm     .   (no gloves)
MR       .....                  b - +0 pair of boots (curse)
Stlth    +++.......             (no amulet)
HPRegen  0.08/turn              n - -2 ring of dexterity (curse)
MPRegen  0.10/turn              (no ring)

@: slowed, very slow
A: small, carnivore
a: no special abilities


You were on level 2 of the Dungeon.
You were very full.

You visited 1 branch of the dungeon, and saw 2 of its levels.

You collected 52 gold pieces.

Inventory:

Hand Weapons
 j - a +0 hunting sling
 k - a +0 dagger (weapon)
Missiles
 e - 8 tomahawks (quivered)
 i - a throwing net
 l - 10 stones
 m - 15 poisoned needles
Armour
 a - a +1 robe (worn)
 b - a cursed +0 pair of boots (worn)
Jewellery
 n - a cursed -2 ring of dexterity (left hand)
Scrolls
 g - a scroll of identify
Comestibles
 c - 3 rations
 d - a chunk of flesh


   Skills:
 + Level 3.7 Dodging
 + Level 4.3 Stealth
 - Level 2.1 Spellcasting
 + Level 4.6 Conjurations
 + Level 0.2 Hexes


You had 3 spell levels left.
You knew the following spells:

 Your Spells              Type           Power        Failure   Level  Hunger
a - Magic Dart            Conj           ###.         2%          1    #......
b - Dazzling Spray        Conj/Hex       ##....       22%         3    ###....


Dungeon Overview and Level Annotations

Branches:
Dungeon (2/15)

Altars:

Annotations:
D:2 Natasha, Sigmund


Innate Abilities, Weirdness & Mutations

You are small and have problems with some larger weapons.
You are carnivorous and can eat meat at any time.


Message History

Natasha stares at you and mumbles some strange words.
You feel as though you will be slow longer.
Natasha casts a spell.
The crimson imp grins evilly.
Natasha wildly gestures.
You feel disoriented. Natasha closely misses you.
You aren't carrying any potions.
Okay, then.
Natasha claws you but does no damage. Natasha misses you.
Natasha mumbles some strange words.
Natasha glows brightly for a moment.
Natasha stares at you and mumbles some strange words.
You feel as though you will be slow longer.
Natasha claws you.
* * * LOW HITPOINT WARNING * * *
Natasha casts a spell at you. The magic dart hits you!
You die...

..# #.# #########
..# #...†...# #.#
#.#####.# #.# #.#
#.# ..########.#
#.# #..........#
#.# ..##########
#.# ### #@#
####### #####.#
#.....# #..5h.#
####.....###.#####
#........##...####
#.##.....##.#.5..#
#.##.....##...##5#
#.##############.#
#......!.# #5#


You could see Natasha.

Vanquished Creatures
  3 gnolls (D:2)
  An adder (D:2)
  An ooze (D:1)
  A dart slug (D:1)
  3 leopard geckos (D:1)
  3 giant cockroaches (D:1)
  3 hobgoblins
  3 jackals (D:1)
  2 quokkas (D:2)
  3 bats
  5 frilled lizards
  6 goblins
  3 kobolds
  5 rats
42 creatures vanquished.

Notes
Turn   | Place    | Note
-------+----------+-------------------------------------------
     0 | D:1      | grindst0ne the Kobold Conjurer began the quest for the Orb.
     0 | D:1      | Reached XP level 1. HP: 10/10 MP: 3/3
   153 | D:1      | Reached XP level 2. HP: 15/15 MP: 0/5
   599 | D:1      | Reached XP level 3. HP: 19/19 MP: 4/6
  1111 | D:2      | Noticed a phantom
  1151 | D:2      | Reached XP level 4. HP: 24/24 MP: 0/7
  1223 | D:1      | Learned a level 3 spell: Dazzling Spray
  1446 | D:2      | Noticed Sigmund
  1529 | D:2      | Noticed Natasha
  1616 | D:2      | Killed from afar by Natasha

Vault maps used:
D:1:      saegor_arrival_miasma
D:2:      minmay_split_cup_small, uniq_terence, uniq_sigmund, uniq_natasha

Skill      XL: |  1  2  3  4 |
---------------+-------------+-----
Stealth        | 3 4 |  4.3
Dodging        | 3 |  3.7
Spellcasting   | |  2.1
Conjurations   | |  4.6
Hexes          | |  0.2

Action                   |  1- 3 |  4- 6 || total
-------------------------+-------+-------++-------
Melee: Unarmed           |    31 |       ||    31
       Dagger            |       |     4 ||     4
 Cast: Magic Dart        |    66 |    32 ||    98
  Use: Scroll            |       |     3 ||     3
 Stab: Sleeping          |     1 |       ||     1
  Eat: Chunk             |     9 |     2 ||    11
Armor: Robe              |     9 |     3 ||    12
Dodge: Dodged            |    45 |    24 ||    69

Table legend:
 A = Spawn XP
 B = Non-spawn XP
 C = Spawn XP percentage of total XP
 D = Spawn monster count
 E = Non-spawn monster count
 F = Spawn count percentage of total count
 G = Total turns spent on level
                    A         B        C        D         E        F      G
               +---------+---------+-------+---------+---------+-------+---------
         Total |       0 |     123 |   0.0 |       0 |      42 |   0.0 |  1616
               +---------+---------+-------+---------+---------+-------+---------
           D:1 |       0 |      52 |   0.0 |       0 |      27 |   0.0 |  1108
           D:2 |       0 |      71 |   0.0 |       0 |      15 |   0.0 |   508
               +---------+---------+-------+---------+---------+-------+---------
